 Dungeon Crawl Stone Soup version 0.25.0-15-gac7dcb8919 (webtiles) character file.

Game seed: 9414344098128769619

133 protoss039 the Digger (level 4, -3/24 HPs)
             Began as a Deep Elf Earth Elementalist on June 29, 2020.
             Killed from afar by an orc wizard (8 damage)
             ... with a magic dart
             ... on level 4 of the Dungeon.
             The game lasted 00:05:21 (2982 turns).

protoss039 the Digger (Deep Elf Earth Elementalist) Turns: 2982, Time: 00:05:22

Health: -3/24      AC:  2    Str:  5    XL:     4   Next: 94%
Magic:  7/12       EV: 13    Int: 21    God:
Gold:   251        SH:  0    Dex: 15    Spells: 6/12 levels left

rFire    . . .     SeeInvis .   i - +0 war axe (vorpal)
rCold    . . .     Gourm    .   (no shield)
rNeg     . . .     Faith    .   c - +0 robe
rPois    .         Spirit   .   (no helmet)
rElec    .         Reflect  .   (no cloak)
rCorr    .         Harm     .   (no gloves)
MR       .....                  (no boots)
Stlth    ++........             q - amulet of magic regeneration
HPRegen  0.08/turn              (no ring)
MPRegen  0.38/turn              (no ring)

@: no status effects
A: no striking features
a: no special abilities


You were on level 4 of the Dungeon.
You were not hungry.

You visited 1 branch of the dungeon, and saw 4 of its levels.

You collected 251 gold pieces.

Inventory:

Hand Weapons
 e - a +0 spear
 i - a +0 vorpal war axe (weapon)
Missiles
 b - 62 stones (quivered)
Armour
 c - a +0 robe (worn)
Jewellery
 a - an uncursed ring of protection from fire {unknown}
 q - an amulet of magic regeneration (around neck)
Scrolls
 f - a scroll of blinking {unknown}
 h - 2 scrolls of teleportation
 j - a scroll of amnesia {unknown}
 l - a scroll of fog {unknown}
 m - a scroll of magic mapping {unknown}
 n - a scroll of fear {unknown}
 o - a scroll of remove curse {unknown}
 r - a scroll of enchant weapon {unknown}
Potions
 g - 4 potions of curing
 k - a potion of mutation {unknown}
 s - a potion of might
 t - 2 potions of ambrosia
Comestibles
 d - 5 rations


   Skills:
 - Level 2.4 Dodging
 - Level 2.4 Stealth
 * Level 4.9 Spellcasting
 + Level 1.1 Transmutations
 * Level 5.2 Earth Magic


You had 6 spell levels left.
You knew the following spells:

 Your Spells              Type           Power        Failure   Level  Hunger
a - Sandblast             Erth           ####..       1%          1    None
b - Passwall              Tmut/Erth      ###.....     4%          2    None
c - Stone Arrow           Conj/Erth      ###...       11%         3    ##.....

Your spell library contained the following spells:

 Spells                   Type           Power        Failure   Level  Hunger
 Petrify                  Tmut/Erth      ###.....     28%         4    ####...
 Lee's Rapid Deconstruct  Erth           ####......   34%         5    #####..


Dungeon Overview and Level Annotations

Branches:
Dungeon (3/15)

Altars:


Message History

Aim: an orc, wielding a +0 hand axe The blast of sand hits something but does no damage.
b - 62 stones The orc shouts!
Something hits you.
Unknown command.
All of the chunks of flesh in your inventory have rotted away.
Unknown command.
Unknown command.
Unknown command.
Unknown command.
Unknown command.
Unknown command.
A magic dart appears from out of thin air!
The magic dart hits you.
* * * LOW HITPOINT WARNING * * *
Unknown command.
A magic dart appears from out of thin air!
The magic dart hits you!
You die...

<.................#
...........)......#
..................#
#######...........#
........#####'#####
........# #.#
........# #.#
.#'######
#.########### #.#
#>..@..{ooo.# #.#
###########.# .#.#
#.# .#.# #.# ##.#
#o# ...# #.# ####
#o# ... #..


You could see 3 orcs.

Vanquished Creatures
  An orc wizard (D:3)
  A worker ant (D:4)
  3 adders
  A worm (D:2)
  A dart slug (D:1)
  A leopard gecko (D:2)
  5 orcs (D:3)
  2 ball pythons
  3 giant cockroaches
  6 goblins
  6 hobgoblins
  6 jackals (D:2)
  2 kobolds
  A bat (D:1)
  A frilled lizard (D:2)
  A quokka skeleton (D:4)
  A rat (D:1)
42 creatures vanquished.

Notes
Turn   | Place    | Note
-------+----------+-------------------------------------------
     0 | D:1      | protoss039 the Deep Elf Earth Elementalist began the quest
                  | for the Orb.
     0 | D:1      | Reached XP level 1. HP: 10/10 MP: 6/6
   355 | D:1      | You fall into a shaft and drop 1 floor!
   516 | D:2      | Reached XP level 2. HP: 15/15 MP: 5/8
   588 | D:2      | Reached skill level 4 in Earth Magic
   898 | D:2      | Reached XP level 3. HP: 18/19 MP: 5/10
  2055 | D:3      | Learned a level 2 spell: Passwall
  2059 | D:3      | Learned a level 3 spell: Stone Arrow
  2062 | D:3      | Found a faded altar of an unknown god.
  2075 | D:3      | Reached XP level 4. HP: 9/24 MP: 6/12
  2626 | D:3      | Reached skill level 5 in Earth Magic
  2700 | D:3      | You fall into a shaft and drop 1 floor!
  2706 | D:4      | Noticed an ogre
  2982 | D:4      | Killed from afar by an orc wizard

Illustrated notes

Levels and vault maps discovered:
D:1:      mrwooster_arrival_statue_2, layout_loops_ring, minmay_3d_cube
D:2:      layout_loops_ring, first_ration, hangedman_decor_diamond_cutter
D:3:      layout_loops_ring, lemuel_coloured_pillars_altar,
          chequers_ecumenical_altar_island, cheibrodos_gnoll_hut
D:4:      mumra_celtic_spiral_tile, layout_basic

Skill      XL: |  1  2  3  4 |
---------------+-------------+-----
Earth Magic    | 4 5 |  5.2
Spellcasting   | 4 |  4.9
Dodging        | |  2.4
Stealth        | |  2.4
Transmutations | |  1.1

Action                   |  1- 3 |  4- 6 || total
-------------------------+-------+-------++-------
Melee: War axe           |    44 |     4 ||    48
       Spear             |     8 |       ||     8
 Cast: Sandblast         |    23 |    19 ||    42
       Stone Arrow       |       |     4 ||     4
  Use: Potion            |     1 |       ||     1
       Scroll            |       |     4 ||     4
 Stab: Sleeping          |     2 |       ||     2
       Distracted        |     1 |       ||     1
  Eat: Chunk             |     4 |     2 ||     6
Armor: Robe              |     8 |     2 ||    10
Dodge: Dodged            |    71 |    13 ||    84
